 Dungeon Crawl Stone Soup version 0.30-a0-1050-g2766ea1e55 (webtiles) character file.

Game seed: 13373157450093868259

10958 Arzdou the Severer (level 11, 0/89 HPs)
             Began as a Hill Orc Fighter on Apr 9, 2023.
             Was a High Priest of Hepliaklqana.
             Succumbed to barbed spike wounds
             ... on level 11 of the Dungeon on Apr 10, 2023.
             The game lasted 00:40:31 (9392 turns).

Arzdou the Severer (Hill Orc Fighter)               Turns: 9392, Time: 00:40:32

Health: 0/89       AC: 15    Str: 26    XL:     11   Next: 70%
Magic:  11/11      EV: 12    Int:  6    God:    Hepliaklqana [*****.]
Gold:   468        SH:  6    Dex: 16    Spells: 10/10 levels left

rFire   x . .      SeeInvis .    D - +1 broad axe (flame)
rCold   + . .      Faith    .    c - +0 buckler
rNeg    . . .      Spirit   .    L - +0 scale mail "Ynoyjyb" {+Blink rElec rF- Str+2}
rPois   .          Reflect  .    (no helmet)
rElec   +          Rampage  .    (no cloak)
rCorr   .                        (no gloves)
Will    .....                    b - +2 pair of boots of Impermeability {rC+}
Stlth   +                        o - amulet of regeneration
HPRegen 1.14/turn                f - +4 ring of protection
MPRegen 0.12/turn                v - +6 ring of dexterity

@: spiked
A: reduced essence, dopey 1, devolution 1
a: Renounce Religion, Evoke Blink, Recall Ancestor, Ancestor Identity,
Transference, Idealise


You were on level 11 of the Dungeon.
You worshipped Hepliaklqana.
Hepliaklqana was extremely pleased with you.
You visited 2 branches of the dungeon, and saw 12 of its levels.

You collected 628 gold pieces.
You spent 160 gold pieces at shops.

Inventory:

Hand Weapons
 D - a +1 broad axe of flaming (weapon)
Missiles
 i - 2 throwing nets (quivered)
Armour
 b - the +2 pair of boots of Impermeability (worn) {rC+}
   (You found it on level 9 of the Dungeon)

   rC:        It protects you from cold.
 c - a +0 buckler (worn)
 C - +0 acid dragon scales
 K - a +0 helmet
 L - the +0 scale mail "Ynoyjyb" (worn) {+Blink rElec rF- Str+2}
   (You found it on level 8 of the Dungeon)

   Str:       It affects your strength (+2).
   rF:        It makes you vulnerable to fire.
   rElec:     It insulates you from electricity.
   +Blink:    It lets you blink.
Jewellery
 f - a +4 ring of protection (left hand)
 l - a ring of protection from cold
 o - an amulet of regeneration (around neck)
 v - a +6 ring of dexterity (right hand)
 H - an amulet of reflection
 J - a +6 ring of intelligence
Wands
 s - a wand of acid (9)
 y - a wand of paralysis (23)
 B - a wand of flame (33)
 M - a wand of mindburst (7)
Scrolls
 d - a scroll of fear
 g - 3 scrolls of brand weapon
 m - a scroll of fog {unknown}
 p - a scroll of amnesia {unknown}
 q - 3 scrolls of summoning
 r - 2 scrolls of teleportation
 u - a scroll of immolation {unknown}
 w - a scroll of enchant armour
 A - 3 scrolls of vulnerability
 F - a scroll of magic mapping {unknown}
 G - a scroll of torment {unknown}
 I - a scroll of acquirement {unknown}
 N - a scroll of silence {unknown}
 O - a scroll of identify
Potions
 a - a potion of lignification
 e - a potion of resistance {unknown}
 h - 4 potions of ambrosia
 j - 2 potions of berserk rage {unknown}
 k - 4 potions of haste
 n - a potion of flight {unknown}
 t - 5 potions of curing
 x - a potion of attraction {unknown}
 z - a potion of brilliance
 E - 2 potions of heal wounds
 P - 2 potions of degeneration {unknown}


   Skills:
 + Level 9.7 Fighting
 + Level 15.7 Axes
 + Level 0.1 Throwing
 + Level 8.8 Armour
 + Level 4.0 Dodging
 + Level 4.1 Stealth
 + Level 6.4 Shields
 + Level 0.1 Evocations


You had 10 spell levels left.
You didn't know any spells.
Your spell library contained the following spells:

 Spells                   Type           Power      Damage    Failure   Level
 Apportation              Tloc           0%         N/A       78%         1
 Necrotise                Necr           0%         1d4       78%         1
 Summon Small Mammal      Summ           0%         N/A       78%         1
 Ensorcelled Hibernation  Hex/Ice        0%         N/A       89%         2
 Passwall                 Tmut/Erth      0%         N/A       89%         2
 Frozen Ramparts          Ice            0%         1d1       98%         3
 Hailstorm                Conj/Ice       0%         3d3       98%         3
 Swiftness                Air            0%         N/A       98%         3
 Ice Form                 Ice/Tmut       0%         N/A       100%        4
 Summon Ice Beast         Ice/Summ       0%         N/A       100%        4
 Simulacrum               Ice/Necr       0%         N/A       100%        6


Dungeon Overview and Level Annotations

Branches:
Dungeon (11/15)            Temple (1/1) D:4            Lair (0/5) D:8
    Orc (0/2) D:11

Altars:
Ashenzari
Cheibriados
Dithmenos
Elyvilon
Fedhas
Gozag
Hepliaklqana
Kikubaaqudgha
Makhleb
Nemelex Xobeh
Okawaru
Qazlal
Ru
Sif Muna
Trog
Uskayaw
Vehumet
Wu Jian
Xom
Yredelemnul
Zin
The Shining One
Beogh
Lugonu

Shops:
D:3 =   D:7 :(*!*

Annotations:
D:7 2 transporters


Innate Abilities, Weirdness & Mutations

Your life essence is reduced to manifest your ancestor. (-10% HP)
You are dopey. (Int -2)
You have hidden genetic defects.


Message History

[Y]es or [N]o only, please.
The barbs in your skin will harm you if you move.
Continue? [Y]es or [N]o only, please.
The barbs in your skin will harm you if you move.
Continue? [Y]es or [N]o only, please.
The barbs in your skin will harm you if you move.
Continue?
The barbed spikes dig painfully into your body as you move.
The barbed spikes dig painfully into your body as you move.
The barbed spikes dig painfully into your body as you move.
The barbed spikes dig painfully into your body as you move.
The barbed spikes dig painfully into your body as you move.
The barbed spikes dig painfully into your body as you move.
The barbed spikes dig painfully into your body as you move.
The barbed spikes dig painfully into your body as you move.
The barbed spikes dig painfully into your body as you move.
The barbed spikes dig painfully into your body as you move.
The barbed spikes dig painfully into your body as you move.
The two-headed ogre hits you with a +0 giant club!
You block the two-headed ogre's attack.
The barbed spikes dig painfully into your body as you move.
The manticore attacks as you move away! The manticore bites you.
* * * LOW HITPOINT WARNING * * *
The manticore claws you.
* * * LOW HITPOINT WARNING * * *
The manticore claws you but does no damage.
The barbed spikes dig painfully into your body as you move.
* * * LOW HITPOINT WARNING * * *
As you read the scroll of fear, it crumbles to dust.
You assume a fearsome visage.
The two-headed ogre resists with some effort.
The manticore looks frightened!
The barbed spikes dig painfully into your body as you move.
* * * LOW HITPOINT WARNING * * *
The two-headed ogre hits you but does no damage.
The two-headed ogre hits you with a +0 dire flail!
* * * LOW HITPOINT WARNING * * *
The barbed spikes dig painfully into your body as you move.
* * * LOW HITPOINT WARNING * * *
The barbed spikes dig painfully into your body as you move.
You die...

##.....# #.#
#.###### #.#
#.....##### #.#
##........######.#
#..##........)##.#
#.######....))...#
.. ..# ####..)...#
.. ### ####...# ..
###@### .. #...## H.
##.#O.####### ..
#..##.......#####..
##.####..H..........
#).# #..###########
##.## #..# #..#
###..# #.####....#


You could see a two-headed ogre (drained) and a manticore (fleeing).

Vanquished Creatures
  A hydra (D:8)
  A boulder beetle (D:11)
  A two-headed ogre (D:9)
  A cyclops (D:8)
  A komodo dragon (D:9)
  A troll (D:10)
  A hornet (D:11)
  8 yaks
  2 wyverns
  A steam dragon (D:8)
  An acid dragon (D:10)
  Duvessa (D:5)
  5 orc warriors
  2 ogres
  3 centaurs
  2 kobold brigands
  6 bullfrogs
  3 scorpions
  Dowan (D:5)
  9 killer bees
  A howler monkey (D:9)
  An electric eel (D:10)
  A crimson imp (D:4)
  2 jellies (D:6)
  2 hounds (D:5)
  7 orc priests
  10 iguanas
  Natasha (thrice) (D:4)
  14 orc wizards
  2 sleepcaps
  14 adders
  2 white imps
  3 worms
  6 dart slugs
  71 orcs
  6 bats
  8 endoplasms
  4 giant cockroaches
  6 goblins
  8 hobgoblins
  4 jackals (D:2)
  5 quokkas
  7 ball pythons
  6 frilled lizards
  12 kobolds
  7 rats
263 creatures vanquished.

Vanquished Creatures (collateral kills)
  A manticore (D:11)
  Maggie (D:7)
  An unseen horror (D:11)
  A wyvern (D:9)
  4 yaks
  A steam dragon (D:9)
  5 orc warriors
  An ice beast (D:5)
  A kobold brigand (D:8)
  2 killer bees
  5 howler monkeys (D:7)
  2 electric eels (D:10)
  3 iguanas
  An orc wizard (D:6)
  7 orcs
  4 kobolds (D:8)
  A frilled lizard (D:9)
41 creatures vanquished.

Vanquished Creatures (others)
  4 hexers
  An ancestor (D:5)
  A white imp (D:7)
  12 plants
18 creatures vanquished.

Grand Total: 322 creatures vanquished

Notes
Turn   | Place    | Note
-------+----------+-------------------------------------------
     0 | D:1      | Arzdou the Hill Orc Fighter began the quest for the Orb.
     0 | D:1      | Reached XP level 1. HP: 19/19 MP: 1/1
   105 | D:1      | Reached XP level 2. HP: 23/27 MP: 2/2
   275 | D:1      | Upgraded the game from 0.30-a0-1043-g60ff8d5f49 to
                  | 0.30-a0-1050-g2766ea1e55
   409 | D:1      | Reached skill level 3 in Axes
   834 | D:1      | Reached XP level 3. HP: 33/33 MP: 3/3
  1208 | D:2      | Reached XP level 4. HP: 29/40 MP: 4/4
  1286 | D:2      | Reached skill level 4 in Axes
  1332 | D:2      | You fall into a shaft and drop 1 floor!
  1503 | D:3      | Reached XP level 5. HP: 18/47 MP: 5/5
  1673 | D:3      | Gained mutation: Your spells are a little easier to cast,
                  | but a little less powerful. [potion of mutation]
  1673 | D:3      | Gained mutation: You have large cloven feet. [potion of
                  | mutation]
  1675 | D:3      | Lost mutation: You have large cloven feet. [potion of
                  | mutation]
  1675 | D:3      | Lost mutation: Your spells are a little easier to cast, but
                  | a little less powerful. [potion of mutation]
  1675 | D:3      | Gained mutation: You have a pair of small horns on your
                  | head. [potion of mutation]
  1675 | D:3      | Gained mutation: Armour fits poorly on your strangely
                  | shaped body. [potion of mutation]
  1702 | D:3      | Reached skill level 5 in Axes
  1810 | D:3      | Found an ornate altar of the Wu Jian Council.
  1867 | D:3      | Found a shadowy altar of Dithmenos.
  1941 | D:3      | Found Rukh's Jewellery Boutique.
  2761 | D:4      | Noticed Natasha
  2768 | D:4      | Killed Natasha
  2769 | D:4      | Reached XP level 6. HP: 45/53 MP: 6/6
  2814 | D:4      | Reached skill level 6 in Axes
  3062 | D:4      | Reached skill level 5 in Armour
  3062 | D:4      | Reached skill level 1 in Dodging
  3079 | D:4      | Found a staircase to the Ecumenical Temple.
  3120 | D:4      | Reached skill level 7 in Axes
  3129 | Temple   | Entered the Ecumenical Temple
  3157 | Temple   | Became a worshipper of Hepliaklqana the Forgotten
  3343 | D:4      | Reached XP level 7. HP: 60/60 MP: 7/7
  3353 | D:4      | Noticed Natasha
  3360 | D:4      | Killed Natasha
  3453 | D:4      | Found a shimmering altar of Xom.
  3454 | D:4      | Found a burning altar of Makhleb.
  3585 | D:4      | Noticed Natasha
  3590 | D:4      | Killed Natasha
  3756 | D:5      | Entered Level 5 of the Dungeon
  3763 | D:5      | Noticed Duvessa
  3766 | D:5      | Noticed Dowan
  3787 | D:4      | HP: 2/60 [ogre/+0 giant club (7)]
  3789 | D:4      | Reached skill level 5 in Fighting
  3789 | D:4      | Reached skill level 8 in Axes
  4293 | D:5      | Reached * piety under Hepliaklqana
  4429 | D:5      | Reached XP level 8. HP: 61/61 MP: 8/8
  4501 | D:5      | Killed Duvessa
  4538 | D:5      | Killed Dowan
  4658 | D:5      | Found a blossoming altar of Fedhas.
  4997 | D:6      | Reached skill level 9 in Axes
  5119 | D:6      | Reached ** piety under Hepliaklqana
  5120 | D:6      | Remembered your ancestor Arkorgh as a hexer
  5774 | D:7      | Found Kico Oni's Distillery.
  5779 | D:7      | Noticed Maggie
  5782 | D:7      | Reached skill level 1 in Stealth
  5796 | D:7      | Killed Maggie
  5797 | D:7      | Reached skill level 10 in Axes
  5797 | D:7      | Reached XP level 9. HP: 47/69 MP: 9/9
  5849 | D:7      | Found a transporter.
  5968 | D:7      | Found Gaupoq's Book Emporium.
  5977 | D:7      | Found a transporter.
  5989 | D:7      | Found a white marble altar of Elyvilon.
  6010 | D:7      | Found Ruucw's Weapon Emporium.
  6054 | D:7      | Found Nejaeh's General Store.
  6059 | D:7      | Bought a scroll of enchant weapon for 112 gold pieces
  6076 | D:7      | Found a stormy altar of Qazlal.
  6093 | D:7      | Found Hopy's Assorted Antiques.
  6099 | D:7      | Reached *** piety under Hepliaklqana
  6102 | D:7      | Bought a scroll of identify for 48 gold pieces
  6220 | D:7      | Found a radiant altar of Vehumet.
  6377 | D:8      | Reached skill level 11 in Axes
  6527 | D:8      | Found a snail-covered altar of Cheibriados.
  6699 | D:8      | Reached skill level 5 in Shields
  6787 | D:8      | Found a staircase to the Lair.
  6810 | D:8      | Noticed a six-headed hydra
  6811 | D:8      | Noticed a cyclops
  6905 | D:8      | Reached skill level 12 in Axes
  6905 | D:8      | Reached XP level 10. HP: 65/77 MP: 10/10
  6938 | D:8      | Found a roughly hewn altar of Beogh.
  7017 | D:8      | Killed a cyclops
  7044 | D:8      | Identified the +0 scale mail "Ynoyjyb" {+Blink rElec rF-
                  | Str+2}
  7256 | D:8      | Killed a one-headed hydra
  7355 | D:9      | Reached skill level 13 in Axes
  7474 | D:9      | Found a hide-covered altar of Uskayaw.
  7489 | D:9      | Noticed a two-headed ogre
  7505 | D:9      | Killed a two-headed ogre
  7587 | D:9      | Identified the +2 pair of boots of Impermeability {rC+}
  7636 | D:9      | Reached skill level 14 in Axes
  7643 | D:9      | Reached XP level 11. HP: 67/85 MP: 11/11
  7718 | D:9      | Found a glowing golden altar of the Shining One.
  7780 | D:9      | Found an iron altar of Okawaru.
  7823 | D:9      | Reached **** piety under Hepliaklqana
  7871 | D:9      | Found a glowing silver altar of Zin.
  7943 | D:9      | Found a shimmering blue altar of Sif Muna.
  8073 | D:10     | Entered Level 10 of the Dungeon
  8177 | D:10     | Lost mutation: You have a pair of small horns on your head.
                  | [potion of mutation]
  8177 | D:10     | Lost mutation: Armour fits poorly on your strangely shaped
                  | body. [potion of mutation]
  8177 | D:10     | Gained mutation: You have hidden genetic defects. [potion
                  | of mutation]
  8409 | D:10     | Found a basalt altar of Yredelemnul.
  8459 | D:10     | Reached skill level 15 in Axes
  8719 | D:11     | Noticed a boulder beetle
  8872 | D:11     | Killed a boulder beetle
  8885 | D:11     | Gained mutation: You are dopey. (Int -2) [hidden defects]
  9011 | D:11     | Noticed a manticore
  9017 | D:11     | Killed a manticore
  9057 | D:11     | Found a staircase to the Orcish Mines.
  9201 | D:11     | Identified the +2 leather armour "Tiduf" {Int+3}
  9364 | D:11     | Reached ***** piety under Hepliaklqana
  9371 | D:11     | Noticed a two-headed ogre
  9371 | D:11     | Noticed a manticore
  9391 | D:11     | HP: 4/89 [barbs]
  9392 | D:11     | Succumbed to barbed spike wounds

Illustrated notes

Levels and vault maps discovered:
D:1:      minmay_arrival_radiant_lines, layout_basic
D:2:      layout_loops_cross, minmay_misc_feat_plants
D:3:      layout_loops_cross, nicolae_wu_jian_glorious_leap,
          nicolae_dithmenos_the_darkroom, serial_shops, shop, minivault_4
D:4:      layout_loops_corners, grunt_temple_overflow_champion_of_chaos,
          minmay_temple_entry_waves, uniq_natasha
D:5:      layout_basic, fedhas_altar_4, chequers_serial_rivers_room_b,
          fountainhead, serial_bayou_ford_a, uniq_duvessa
D:6:      layout_cave_pods
D:7:      gammafunk_steamed_eel, layout_basic, nicolae_qazlal_scattered_showers,
          mainiacjoe_overflow_24_doors, lemuel_doored_altar, serial_shops, shop,
          nicolae_shop_temple_entry_statues_fountains, nicolae_shop_waterfront,
          nicolae_take_the_stairs, nicolae_shop_hallway_stairs, uniq_maggie
D:8:      layout_layer_cave, cheibriados_altar_1, lair_entry_dummy, special_room
          [special_room_orc], minmay_misc_feat_encased, minmay_radiant
D:9:      layout_long_grid, zin_treasury, mainiacjoe_overflow_tiny_flanked,
          kennysheep_orc_sif_temple, mainiacjoe_overflow_surrounded_room,
          mainiacjoe_overflow_small_starburst, st_stairs_4, minmay_lizard_king
D:10:     layout_basic, mainiacjoe_overflow_concentric_impassable
D:11:     layout_cave_pods, hiddenorc2_lemuel, eino_tiny_chamber
Temple:   corrupted_temple

Skill      XL: |  1  2  3  4  5  6  7  8  9 10 11 |
---------------+----------------------------------+-----
Axes           | 3 4 5 7 8 10 12 14 15 | 15.7
Fighting       | 4 5 6 7 8 9 |  9.7
Armour         | 4 5 7 8 |  8.8
Dodging        | 1 2 3 4 |  4.0
Shields        | 4 5 6 |  6.4
Stealth        | 1 2 3 4 |  4.1
Throwing       | |  0.1
Evocations     | |  0.1

Action                     |  1- 3 |  4- 6 |  7- 9 | 10-12 || total
---------------------------+-------+-------+-------+-------++-------
  Melee: War axe           |   112 |   201 |   135 |       ||   448
         Headbutt          |       |    11 |    40 |    20 ||    71
         Broad axe         |       |       |    87 |   203 ||   290
  Throw: Throwing net      |       |       |       |     1 ||     1
 Invoke: Ancestor Identity |       |       |     1 |       ||     1
         Ancestor Life: He |       |       |     1 |       ||     1
  Evoke: Wand              |       |       |       |     1 ||     1
    Use: Scroll            |       |     2 |     9 |     5 ||    16
         Potion            |       |     2 |     2 |     1 ||     5
   Stab: Confused          |       |       |     4 |     4 ||     8
         Distracted        |       |       |     2 |     5 ||     7
 Armour: Scale mail        |    57 |    97 |    57 |    62 ||   273
         Acid dragon scale |       |       |    34 |     5 ||    39
  Dodge: Dodged            |    69 |    77 |   113 |    95 ||   354
  Block: Buckler           |    22 |    53 |    51 |    40 ||   166

Table legend: (Time is in decaauts)
 A = Elapsed time spent in this place.
 B = Non-inter-level travel time spent in this place.
 C = Inter-level travel time spent in this place.
 D = Time resting spent in this place.
 E = Time spent auto-exploring this place.
 F = Levels seen in this place.
 G = Mean time per level.
                   A        B        C        D        E       F      G
               +--------+--------+--------+--------+--------+-----+--------+
         Total |   9538 |   9082 |    456 |      0 |   6779 |  12 |  794.8 |
       Dungeon |   9469 |   9025 |    444 |      0 |   6761 |  11 |  860.8 |
        Temple |     69 |     57 |     12 |      0 |     18 |   1 |   69.0 |
               +--------+--------+--------+--------+--------+-----+--------+

Top non-repeatable levels by time:
     D:4: 1122 daAuts
     D:5: 1114 daAuts
     D:1: 1032 daAuts
     D:8: 989 daAuts
     D:3: 970 daAuts
     D:9: 812 daAuts
     D:2: 810 daAuts
     D:6: 796 daAuts
    D:11: 672 daAuts
    D:10: 604 daAuts
     D:7: 544 daAuts
  Temple: 69 daAuts
